 Dungeon Crawl Stone Soup version 0.19.0-11-g3fc08b3 (webtiles) character file.

112 Millan the Skirmisher (level 4, -9/41 HPs)
             Began as a Minotaur Fighter on Nov 9, 2016.
             Killed by divine providence
             ... invoked by an orc priest
              (15 damage)
             ... on level 4 of the Dungeon.
             The game lasted 00:06:01 (2424 turns).

Millan the Skirmisher (Minotaur Fighter)            Turns: 2424, Time: 00:06:03

Health: -9/41      AC:  7    Str: 27    XL:     4   Next: 64%
Magic:  3/3        EV:  5    Int:  5    God:
Gold:   89         SH: 15    Dex:  9    Spells: 0 memorised, 3 levels left

rFire  . . .     SeeInvis .     a - +0 war axe
rCold  . . .     Gourm    .     b - +0 scale mail
rNeg   . . .     Faith    .     p - +0 large shield
rPois  .         Spirit   .     (helmet restricted)
rElec  .         Reflect  .     (no cloak)
rCorr  .         Harm     +     (no gloves)
MR     .....                    (no boots)
Stlth  ..........               n - amulet of harm
                                (no ring)
                                (no ring)

@: mighty
A: retaliatory headbutt, horns 2
a: no special abilities


You were on level 4 of the Dungeon.
You were hungry.

You visited 1 branch of the dungeon, and saw 4 of its levels.

You collected 89 gold pieces.

Inventory:

Hand Weapons
 a - a +0 war axe (weapon)
Armour
 b - a +0 scale mail (worn)
 c - a +0 shield
 p - a +0 large shield (worn)
Jewellery
 n - an amulet of harm (around neck)
 o - an uncursed amulet of rage {unknown}
 s - an uncursed amulet of magic regeneration {unknown}
Scrolls
 e - 2 scrolls of remove curse {unknown}
 i - 3 scrolls of identify {unknown}
 m - a scroll of enchant armour {unknown}
 r - 2 scrolls of fog {unknown}
Potions
 g - 2 potions of agility {unknown}
 h - a potion of degeneration {unknown}
 j - a potion of heal wounds {unknown}
 l - 3 potions of curing {unknown}
 q - a potion of flight {unknown}
Comestibles
 f - 2 bread rations
 k - a beef jerky


   Skills:
 + Level 4.7 Fighting
 + Level 3.7 Axes
 + Level 4.5 Armour
 * Level 4.2 Shields


You had 3 spell levels left.
You didn't know any spells.

Dungeon Overview and Level Annotations

Branches:
Dungeon (4/15)
 Temple: D:4-7

Altars:
Nemelex Xobeh
Uskayaw


Innate Abilities, Weirdness & Mutations

You reflexively headbutt those who attack you in melee.
You have a pair of horns on your head.


Message History

An orc comes into view. It is wielding a trident.
The orc shouts!
You slash the orc wizard!
The orc wizard is severely wounded.
You closely miss the gnoll. You slash the orc!
You kill the orc!
The orc wizard hits you but does no damage.
The gnoll throws a throwing net.
You block the throwing net. The gnoll hits you but does no damage.
The orc wizard hits you but does no damage.
The orc priest begins to cast a cantrip, but forgets the words!
The orc hits you with a hand axe.
* * * LOW HITPOINT WARNING * * *
You feel very mighty all of a sudden. You block the gnoll's attack.
You block the orc priest's attack.
The orc wizard gestures wildly while chanting.
The orc wizard blinks!
You block the orc's attack.
The orc priest invokes the aid of Beogh against you.
Beogh smites you!
You die...

.. ......... .. ......... ..
....g.... .. #...o.... ..
#.g.o.... .. #.o.o.... ..
#§o...... .. .... #@go..... ..
.... #.o...... .# ....
#........##
....############........[.#
............................
..................o..........
................................#
.......†.........................
.................................


You could see 2 orc priests, an orc wizard, 3 gnolls and 5 orcs.

Vanquished Creatures
  4 adders
  A worm (D:3)
  3 dart slugs (D:2)
  A leopard gecko (D:3)
  2 orcs (D:4)
  5 giant cockroaches
  11 hobgoblins
  7 jackals (D:2)
  2 quokkas
  2 bats
  3 frilled lizards
  6 goblins
  6 kobolds
  7 rats
60 creatures vanquished.

Notes
Turn   | Place    | Note
-------+----------+-------------------------------------------
     0 | D:1      | Millan the Minotaur Fighter began the quest for the Orb.
     0 | D:1      | Reached XP level 1. HP: 19/19 MP: 0/0
   193 | D:1      | Reached XP level 2. HP: 25/27 MP: 1/1
   820 | D:2      | Reached XP level 3. HP: 30/33 MP: 2/2
  1307 | D:2      | Reached XP level 4. HP: 37/41 MP: 3/3
  1508 | D:3      | Found a sparkling altar of Nemelex Xobeh.
  1735 | D:3      | Found a hide-covered altar of Uskayaw.
  2424 | D:4      | Killed from afar by an orc priest

Skill      XL: |  1  2  3 |
---------------+----------+-----
Fighting       | 4 |  4.7
Armour         | 4 |  4.5
Axes           | 3 |  3.7
Shields        | 4 |  4.2

Action                   |  1- 3 |  4- 6 || total
-------------------------+-------+-------++-------
Melee: War axe           |    92 |    57 ||   149
       Headbutt          |    13 |     8 ||    21
  Use: Potion            |       |     1 ||     1
  Eat: Chunk             |     1 |     2 ||     3
       Beef jerky        |       |     1 ||     1
Armor: Scale mail        |    40 |    14 ||    54
Dodge: Dodged            |    28 |     6 ||    34
Block: Shield            |    43 |    16 ||    59
       Large shield      |       |    29 ||    29
